[Event "93rd German Championship 2022"]
[Site "Magdeburg"]
[Date "2022.08.16"]
[Round "4.15"]
[White "Koehler, Christian Friedrich"]
[Black "Costa, Leonardo"]
[Result "0-1"]
[ECO "A16"]
[WhiteElo "2285"]
[BlackElo "2326"]
[Annotator "TA"]
[PlyCount "80"]
[EventDate "2022.08.14"]
[EventType "swiss"]
[EventCountry "GER"]
[SourceTitle "playchess.com"]
[Source "ChessBase"]
[SourceQuality "1"]
[TimeControl "40/5400+30:1800+30"]

1. c4 Nf6 2. Nc3 g6 3. e4 d6 4. g3 Bg7 5. Bg2 O-O 6. Nge2 c5 7. O-O Nc6 8. d3 Ne8 9. Be3 Nc7 10. d4 cxd4 11. Nxd4 Ne5 {[%emt 0:11:20] A36: Symmetrical English vs ...g6: 4 Bg2 Bg7.} 12. b3 Ng4 13. Bc1 Ne6 {[%emt 0:01:20] White is better.} 14. Nde2 a6 15. h3 Nf6 16. Be3 {[%emt 0:00:43] [#]} Rb8 $146 ({Predecessor:} 16... Bd7 17. e5 dxe5 18. Bxb7 Nd4 19. Bg2 Qc8 20. Nxd4 exd4 21. Bxd4 Bxh3 22. Bxf6 Bxg2 23. Kxg2 Bxf6 {½-½ (51) Franciskovic,B (2240)-Foisor,C (2364) Plovdiv 2008}) 17. a4 {[%emt 0:03:06] Inhibits b5.} a5 18. Qc2 b6 19. Rad1 Nd7 20. f4 Bb7 21. Nb5 Bc6 22. Ned4 (22. Rd2 $16) 22... Nxd4 $14 23. Nxd4 Bxd4 24. Rxd4 Qc7 25. Rd2 Nc5 26. f5 e5 (26... f6 $14) 27. Bh6 $1 $18 Rfe8 {[%emt 0:03:33] [#]} 28. Re2 (28. Rdf2 $1 $18 {is the precise move to win.}) 28... Rb7 29. Qc3 Qd8 30. f6 Re6 (30... Bd7 $16 31. Kh2 Rb8) 31. Bg7 {[%emt 0:04:39] A strong pair of Bishops.} Rc7 (31... Qc8 $142 32. Qe3 Rc7) 32. Qe3 Nd7 $2 (32... Re8 33. Qh6 Qc8) 33. Ref2 Qa8 34. Qh6 {[%emt 0:00:52] h4 is the strong threat.} Nc5 35. Rf4 exf4 $11 36. Rxf4 $2 {[%emt 0:00:08][%mdl 8192] [#]} (36. Bh8 $1 $11 Qf8 37. Bg7) 36... Re5 $1 $19 {[%emt 0:02:29] aiming for ...Rh5. Black is clearly winning.} 37. Bf3 {[%emt 0:13:52] Against Rh5} g5 {[%emt 0:04:06] Prevents Rh4.} 38. Rg4 Bxe4 39. Bh8 Ne6 40. Bxe4 Rxe4 {Quite a comeback for Black.  Weighted Error Value: White=0.85/Black=0.34} 0-1

[Event "93rd German Championship 2022"]
[Site "Magdeburg"]
[Date "2022.08.16"]
[Round "4.16"]
[White "Yi, Danny"]
[Black "Colbow, Collin"]
[Result "1/2-1/2"]
[ECO "B45"]
[WhiteElo "2273"]
[BlackElo "2323"]
[Annotator "TA"]
[PlyCount "65"]
[EventDate "2022.08.14"]
[EventType "swiss"]
[EventCountry "GER"]
[SourceTitle "playchess.com"]
[Source "ChessBase"]
[SourceQuality "1"]
[TimeControl "40/5400+30:1800+30"]

1. e4 c5 2. Ne2 Nc6 3. Nbc3 e6 4. d4 cxd4 5. Nxd4 Nf6 6. Ndb5 Bb4 7. a3 Bxc3+ 8. Nxc3 d5 9. exd5 exd5 10. Bd3 O-O {[%emt 0:00:49] B45: Sicilian Four Knights.} 11. h3 {[%emt 0:02:28] [#] Inhibits Bg4. Active counter play!} Re8+ $146 ({Predecessor:} 11... d4 12. Ne2 Qa5+ 13. Bd2 Qb6 14. O-O Re8 15. Bg5 Ne4 16. Bxe4 Rxe4 17. Qd3 Re5 18. Qd2 {0-1 (28) Cop,T (2214)-Nagrajsalovic,M (2278) Zagreb 2005}) 12. Ne2 $1 Ne5 13. O-O Qb6 14. Be3 Qd6 (14... Qxb2 $2 15. Bd4 Nxd3 16. Qxd3 $18) 15. Ng3 Bd7 16. Re1 Qc6 17. Bd4 Nxd3 18. Qxd3 Ne4 19. Rad1 (19. Nh5 $5 f6 20. f3 $14) 19... f6 20. Re3 a6 {[%emt 0:09:08] The position is equal.} 21. Bc3 Nxc3 22. Qxc3 Rxe3 23. Qxe3 Qxc2 24. Rxd5 Bc6 25. Rd2 Qc1+ 26. Kh2 {[%emt 0:01:54][%cal Od2d8] [#] Hoping for Rd8+!} Re8 {[%emt 0:00:26] Prevents Rd8.} 27. Qd4 Qe1 28. f4 Qe3 (28... g6 {feels hotter.} 29. Qc4+ Kf8 30. Rd6 Kg7) 29. Qd6 Qe7 30. Qd4 Qe3 31. Qd6 Qe7 32. Qd4 Qe3 33. Qd6 {Weighted Error Value: White=0.07 (flawless) /Black=0.04 (flawless)} 1/2-1/2

[Event "93rd German Championship 2022"]
[Site "Magdeburg"]
[Date "2022.08.16"]
[Round "4.17"]
[White "Stricker, Florian"]
[Black "Hourigan, Gerrit"]
[Result "1/2-1/2"]
[ECO "B23"]
[WhiteElo "2182"]
[BlackElo "2306"]
[Annotator "TA"]
[PlyCount "107"]
[EventDate "2022.08.14"]
[EventType "swiss"]
[EventCountry "GER"]
[SourceTitle "playchess.com"]
[Source "ChessBase"]
[SourceQuality "1"]
[TimeControl "40/5400+30:1800+30"]

1. e4 c5 2. Nc3 a6 3. Nge2 Nf6 4. g3 d5 5. exd5 Nxd5 6. Bg2 {[%emt 0:00:14] B23: Closed Sicilian: Lines without g3.} Nxc3 7. bxc3 (7. dxc3 Qxd1+ 8. Kxd1 Nc6 $11) 7... e6 8. O-O {[%emt 0:00:18] [#] White is slightly better.} Be7 $146 ({Predecessor:} 8... Bd6 9. d4 Nd7 10. Bf4 Bxf4 11. Nxf4 O-O 12. Re1 Rb8 13. a4 b5 14. axb5 axb5 15. dxc5 Nxc5 {½-½ (15) Sosa,T (2520)-Verstraeten,R (2365) El Prat de Llobregat 2019}) 9. d4 Nc6 10. Be3 cxd4 11. cxd4 O-O 12. c3 (12. c4 $14) 12... Na5 $11 13. Qd3 Bd7 14. Be4 h6 15. Rfe1 Rc8 16. Rab1 b5 17. Nf4 Qc7 18. a4 Rfd8 ({Don't do} 18... Qxc3 19. Qxc3 Rxc3 20. Bd2 $16) ({Of course not} 18... bxa4 19. d5 Nb3 20. dxe6 Bxe6 21. Qxa6 $11 (21. Nxe6 fxe6 22. Bf4 Nc5 $15)) 19. Rec1 (19. Bh7+ $11 Kh8 20. Bg6 (20. axb5 Bxb5 21. Qc2 Qxc3 $17)) 19... Nc4 $17 20. axb5 Bxb5 21. Rxb5 axb5 $19 22. Rb1 (22. h4 $142) 22... Nxe3 23. Qxe3 Qxc3 24. Qxc3 Rxc3 25. d5 e5 26. Nd3 b4 27. Nxe5 Bd6 {[%emt 0:02:00] [#] And now ...Re8 would win.} 28. Nc6 Re8 29. f3 Ra8 30. Kg2 Ra2+ 31. Kh3 Ra4 (31... Rd2 $142 32. Na5 g6) 32. Nd4 Ra5 {[%emt 0:01:02] Inhibits Nb5. Hoping for ...g6.} 33. Nf5 Ra6 (33... Bf8 $19 {Threatens to win with ...g6.} 34. d6 Ra7) 34. Nxd6 $17 Rxd6 35. Rxb4 {[%emt 0:00:05][%mdl 4096] Endgame White threatens Rb8+ and mate. KRR-KRB} g6 36. Rb8+ Kg7 37. Rb7 Kf8 {...f5 is the strong threat.} 38. g4 {[%emt 0:02:01] Inhibits f5.} Ra3 39. Kg3 Kg7 40. h4 {[%emt 0:01:00] [#]} Kf6 (40... g5 $1 $17 41. h5 Kf6) 41. g5+ $1 $11 hxg5 42. hxg5+ Kxg5 {[%emt 0:01:01] Strongly threatening ...f5.} 43. Rxf7 {[%emt 0:00:00] The position is equal.} Rb6 44. Rc7 Rb4 45. Re7 Ra6 46. Re5+ Kf6 47. Kf4 Rb7 48. Re8 Rh7 49. Rf8+ Kg7 50. Rc8 Kf6 51. Rg8 Rh6 52. Kg4 Ke5 53. Re8+ Kf6 54. Rf8+ {[%emt 0:00:00] White happily takes the draw.  Weighted Error Value: White=0.23 (precise) /Black=0.20 (precise)} 1/2-1/2

[Event "93rd German Championship 2022"]
[Site "Magdeburg"]
[Date "2022.08.16"]
[Round "4.19"]
[White "Tschernatsch, Johannes"]
[Black "Burian, Simon"]
[Result "1/2-1/2"]
[ECO "B52"]
[WhiteElo "2314"]
[BlackElo "2211"]
[Annotator "TA"]
[PlyCount "107"]
[EventDate "2022.08.14"]
[EventType "swiss"]
[EventCountry "GER"]
[SourceTitle "playchess.com"]
[Source "ChessBase"]
[SourceQuality "1"]
[TimeControl "40/5400+30:1800+30"]

1. e4 c5 2. Nf3 d6 3. Bb5+ Bd7 4. Bxd7+ Qxd7 5. c4 e5 6. Nc3 Nc6 7. d3 g6 8. a3 {[%emt 0:01:37] B52: Sicilian: Moscow Variation with 3...Bd7.} Bg7 9. b4 Nge7 10. Rb1 O-O 11. O-O Nd4 {[%emt 0:06:31] 11...h6 gains popularity.} 12. Bg5 f6 13. Be3 {[%emt 0:00:31] [#]} h6 $146 ({Predecessor:} 13... b6 14. Kh1 f5 15. Bg5 Nec6 16. exf5 Nxf5 17. Nd2 h6 18. Be3 cxb4 19. axb4 Nce7 {½-½ (40) Niewiadomski,W (2432)-De la Rosa Solorzano,J (2426) ICCF email 2020}) 14. bxc5 dxc5 15. Bxd4 (15. Nd5 {with more complications.} b6 16. Bxd4 cxd4 17. a4) 15... cxd4 16. Na4 (16. Nd5 $14) 16... b6 17. Qb3 Qe6 18. c5 Qxb3 19. Rxb3 bxc5 20. Nd2 Rab8 21. Rfb1 Nc6 22. Nxc5 {[%emt 0:01:48] Pair of Knights!} Rxb3 23. Rxb3 Rb8 24. Rxb8+ Nxb8 $11 {[%emt 0:00:17][%mdl 4096] Endgame KBN-KNN} 25. Ncb3 Bf8 26. Nc4 Kf7 27. Kf1 Ke6 28. Ke2 Na6 29. Kd2 h5 30. Kc2 (30. f4 $5) 30... g5 31. h3 Kd7 32. Nbd2 Nc5 33. Nf1 Ne6 {[%emt 0:02:50] aiming for ...Nf4.} 34. g3 {[%emt 0:00:48] Against Nf4} Kc6 35. h4 (35. Nh2 $15) 35... g4 (35... gxh4 $19 {White must now prevent ...h3.} 36. gxh4 Nf4) 36. Nh2 Nc5 37. f3 gxf3 38. Nxf3 Kb5 39. Nb2 Na4 40. Nh2 {[%emt 0:08:39] The position is equal.} Nxb2 ({Resist} 40... Bxa3 41. Nxa4 Kxa4 42. g4 hxg4 43. Nxg4) 41. Kxb2 {[%emt 0:30:13] [#] And now g4 would win. KB-KN} Ka4 42. g4 Bxa3+ 43. Kc2 hxg4 44. Nxg4 {[%emt 0:00:21] Hoping for h5.} Be7 45. h5 {[%emt 0:00:57] [#] Threatens to win with Nh6.} Kb4 46. Nh6 a5 47. Ng8 Bf8 48. Nxf6 a4 49. Nd5+ Kb5 50. Kb2 Bg7 51. Ka2 Ka5 52. Ka3 Bf8+ 53. Ka2 Bg7 54. Ne7 {[%emt 0:00:00] Weighted Error Value: White=0.10 (very precise) /Black=0.10 (very precise)} 1/2-1/2

[Event "93rd German Championship 2022"]
[Site "Magdeburg"]
[Date "2022.08.16"]
[Round "4.20"]
[White "Bracker, Arne"]
[Black "Becker, Stefan"]
[Result "1-0"]
[ECO "B42"]
[WhiteElo "2295"]
[BlackElo "2101"]
[Annotator "TA"]
[PlyCount "67"]
[EventDate "2022.08.14"]
[EventType "swiss"]
[EventCountry "GER"]
[SourceTitle "playchess.com"]
[Source "ChessBase"]
[SourceQuality "1"]
[TimeControl "40/5400+30:1800+30"]

1. e4 c5 2. Nf3 e6 3. d4 cxd4 4. Nxd4 a6 5. Bd3 Nf6 6. O-O Qc7 7. Qe2 d6 8. f4 g6 9. f5 {[%emt 0:00:54] Hoping for fxe6. B42: Sicilian: Kan Variation: 5 Bd3.} Bg7 10. Bg5 O-O 11. Nd2 {[%emt 0:03:20] White is slightly better.} exf5 12. exf5 Nc6 13. Nxc6 {[%emt 0:04:45] [#]} Qxc6 $146 ({Predecessor:} 13... bxc6 14. Rae1 Qb6+ 15. Kh1 d5 16. b3 Bd7 17. Qe7 Rfe8 18. Qd6 Rxe1 19. Rxe1 Ng4 {½-½ (42) Moewisch,D (2026)-Jetzl,J (1727) Innsbruck 2021}) 14. Kh1 {[%emt 0:18:41] Active counter play!} d5 15. Rae1 Bd7 16. Qf3 Rae8 17. Rxe8 Bxe8 18. Nb3 Bd7 19. Nd4 Qd6 20. c3 Ne4 21. Bxe4 dxe4 22. Qxe4 Bxd4 23. cxd4 Bxf5 24. Qxb7 Rb8 25. Qf3 {[%emt 0:05:09] Strongly threatening Bf4.} Rxb2 26. Bh6 f6 27. h3 Kf7 28. Qc3 Rxa2 (28... Rb5 $142) 29. Qb3+ $11 Be6 (29... Qe6 $1 $11 {keeps the balance.} 30. d5 Qe2 31. d6+ Qe6) 30. Qb7+ $16 {[%emt 0:00:20][%mdl 1024] White has strong compensation.} Qd7 (30... Qe7 $2 31. Rxf6+ $3 Kxf6 32. Bg5+ $1 Kxg5 33. Qxe7+ Kf5 34. g4+ Kf4 35. Qxe6 $18) (30... Bd7 $16) 31. Qb4 $2 ({White has to play} 31. Qb8 $1 $18 Qc8 32. Qd6) 31... Qd8 $11 {[%emt 0:03:13] And now ...Bd5 would win.} (31... Qe7 $2 {[#]} 32. Rxf6+ $3 Kxf6 33. Bg5+ $1 Kxg5 34. Qxe7+ Kf5 35. g4+ Kf4 36. Qxe6 $18) 32. Bg5 Bf5 $2 ({Resist} 32... Qa8 33. Rf3 a5 34. Qd6 Qxf3 35. gxf3 $16) (32... Kg8 $11 33. Bxf6 Qa8) 33. Qb3+ $18 ({Stronger than} 33. Qb7+ Qe7 34. Qb3+ Qe6 $11) 33... Be6 $2 (33... Kg7 $18 34. Bxf6+ Qxf6 35. Qxa2 Qxd4 36. Qxa6 Bd3 37. Qb7+ Kh6) 34. Rxf6+ {[%emt 0:01:00] Weighted Error Value: White=0.14 (very precise) /Black=0.66} 1-0

[Event "93rd German Championship 2022"]
[Site "Magdeburg"]
[Date "2022.08.16"]
[Round "4.21"]
[White "Pajeken, Jakob Leon"]
[Black "Eichstaedt, Mirko"]
[Result "1-0"]
[ECO "C77"]
[WhiteElo "2457"]
[BlackElo "2223"]
[Annotator "TA"]
[PlyCount "71"]
[EventDate "2022.08.14"]
[EventType "swiss"]
[EventCountry "GER"]
[SourceTitle "playchess.com"]
[Source "ChessBase"]
[SourceQuality "1"]
[TimeControl "40/5400+30:1800+30"]

1. e4 e5 2. Nf3 Nc6 3. Bb5 a6 4. Ba4 Nf6 5. Nc3 Bb4 6. O-O O-O 7. d3 d6 8. Ne2 {C77: Ruy Lopez: 3...a6 4 Ba4 Nf6, unusual lines.} b5 9. Bb3 Bg4 {[#]} 10. c3 $146 {White is slightly better.} ({Predecessor:} 10. Ng3 a5 11. c3 Bc5 12. h3 a4 13. Bc2 Bxf3 14. Qxf3 b4 15. a3 b3 16. Bd1 {1-0 (40) Zachary,M (2325)-Lomandong,M (2121) Mamaia 2017}) 10... Ba5 11. Ng3 b4 12. Bg5 h6 (12... bxc3 $14 13. bxc3 (13. Rc1 Bxf3 14. gxf3 c2 $11) 13... Rb8) 13. Bxf6 $16 Qxf6 14. Bd5 Ne7 15. Bxa8 Rxa8 16. Qa4 Bb6 {[#]} 17. Nd2 (17. Qxb4 $6 Bxf3 18. gxf3 Qxf3 $11) (17. cxb4 $6 h5 $11) 17... h5 18. Nc4 (18. cxb4 $6 h4 $11) 18... h4 19. Nxb6 cxb6 20. h3 (20. Qxb4 hxg3 21. fxg3 Qe6 $16) 20... Be6 21. Nf5 (21. Qxb4 $6 hxg3 22. fxg3 Qg5 $11) 21... Nxf5 22. exf5 Bxf5 23. Qxb4 d5 24. Rad1 Re8 25. Rfe1 Qg5 (25... Re6 $142 26. Qb3 Qd8) 26. f4 (26. Qxb6 $2 Bxh3 27. g3 hxg3 $19) 26... Qg3 {Strongly threatening ...Bxh3.} 27. Qxb6 Qxf4 28. Qc6 (28. Qxa6 Bxh3 29. Re2 (29. gxh3 $2 Qg3+ 30. Kf1 Qxh3+ 31. Kf2 Qh2+ 32. Kf3 Re6 $19) (29. Qb5 Re6 $11) 29... Bg4 $16) 28... Rd8 29. Qc7 ({Don't take} 29. Qxa6 $6 Bxh3 30. Qb6 (30. gxh3 Qg3+ 31. Kh1 Qf3+ 32. Kh2 Qg3+ 33. Kh1 Qf3+ 34. Kh2 Qg3+ 35. Kh1 $11) 30... Re8 $18) 29... Re8 30. Re2 ({Don't do} 30. Rf1 $6 Qg5 31. Rf2 Qg6 $18) 30... f6 31. Qd6 Bxh3 $2 (31... Kh7 32. Qxd5 Qg5) 32. gxh3 $18 {White is clearly winning.} Qg3+ 33. Rg2 Qe3+ 34. Kh2 {Qd7 is the strong threat.} Qf4+ {[#]} 35. Kh1 $1 {And now Qd7 would win.} Qf3 {[#]} 36. Qd7 $1 {White took control after the opening.  Weighted Error Value: White=0.04 (flawless) /Black=0.30} 1-0

[Event "93rd German Championship 2022"]
[Site "Magdeburg"]
[Date "2022.08.17"]
[Round "5.1"]
[White "Schulz, Lukas"]
[Black "Krastev, Alexander"]
[Result "0-1"]
[ECO "B20"]
[WhiteElo "2272"]
[BlackElo "2435"]
[Annotator "TA"]
[PlyCount "62"]
[EventDate "2022.08.14"]
[EventType "swiss"]
[EventCountry "GER"]
[SourceTitle "playchess.com"]
[Source "ChessBase"]
[SourceQuality "1"]
[TimeControl "40/5400+30:1800+30"]

1. e4 c5 2. Be2 Nc6 3. f4 g6 4. Nf3 Bg7 5. O-O d6 6. Nc3 e6 7. d3 Nge7 8. Qe1 O-O {[%emt 0:01:30] B23: Closed Sicilian: Lines without g3.} 9. Qh4 Nd4 10. Nxd4 (10. Ng5 $2 h6 11. Nf3 Nxc2 $17) 10... cxd4 {[%emt 0:00:17] Black is slightly better.} 11. Nd1 Bd7 {[%emt 0:01:22] [#]} 12. Nf2 $146 ({Predecessor:} 12. Bd2 Rc8 13. c4 dxc3 14. Bxc3 f5 15. Bxg7 Kxg7 16. Ne3 Qb6 17. Qf2 fxe4 18. dxe4 {0-1 (63) Rotstein,J (2372)-Jankovic,A (2571) Neustadt an der Weinstrasse 2009}) 12... Rc8 13. Bd1 f5 14. Bd2 Bf6 15. Qh3 Qb6 16. Rb1 h5 (16... Bg7 $15) 17. g3 ({White should try} 17. Re1 $11) 17... Bg7 {[%emt 0:18:17] Black is more active.} 18. Qg2 Rc5 19. b3 Rfc8 20. Rc1 R5c7 21. h3 (21. a4 $11) 21... fxe4 $15 22. dxe4 d5 $1 23. Kh2 (23. Re1 $1 $15) 23... dxe4 24. Nxe4 Bc6 $36 {[%emt 0:01:38][%mdl 2048] Black fights for an advantage.} 25. Re1 Bd5 26. g4 hxg4 27. hxg4 {[%emt 0:00:18] [#]} (27. Qxg4 $142 e5 28. Qe2) 27... g5 $1 $17 {[%emt 0:04:07] Threatens to win with ...gxf4.} 28. Qh3 (28. Be2 $17) 28... Bxe4 {[%emt 0:00:22] Dancing on a razor blade.} 29. Rxe4 gxf4 30. Bxf4 $2 (30. Kg2 $17) 30... e5 $2 ({Better is} 30... Rc3 $19 31. Qg2 d3) 31. Bg5 $2 {[%emt 0:00:55][%mdl 8192] [#]} ({Don't go for} 31. Bxe5 $2 Bxe5+ 32. Rxe5 Qd6 $19) (31. Bd2 $11) 31... Qg6 $1 {[%emt 0:00:26][%csl LRe4,LRg5] Weighted Error Value: White=0.53/Black=0.32} 0-1

[Event "93rd German Championship 2022"]
[Site "Magdeburg"]
[Date "2022.08.17"]
[Round "5.2"]
[White "Parvanyan, Ashot"]
[Black "Braun, Georg"]
[Result "1/2-1/2"]
[ECO "B12"]
[WhiteElo "2428"]
[BlackElo "2398"]
[Annotator "TA"]
[PlyCount "75"]
[EventDate "2022.08.14"]
[EventType "swiss"]
[EventCountry "GER"]
[SourceTitle "playchess.com"]
[Source "ChessBase"]
[SourceQuality "1"]
[TimeControl "40/5400+30:1800+30"]

1. e4 c6 2. d4 d5 3. e5 Bf5 4. h4 h6 5. g4 Bd7 6. h5 e6 {[%emt 0:08:08] 6...c5 is the hot move.} 7. f4 c5 {[%emt 0:00:58] B12: Caro-Kann: Advance Variation.} 8. c3 Qb6 9. Nf3 Bb5 {[%emt 0:08:14] [#]} (9... Nc6 $11) 10. Kf2 $146 (10. dxc5 $16 Bxc5 11. Bxb5+ Qxb5 12. b4) ({Predecessor:} 10. Bh3 Nc6 11. a3 Rc8 12. Be3 Ba6 13. b4 cxb4 14. axb4 Be7 15. Kf2 Bd8 16. Na3 {1-0 (41) Onischuk,V (2608)-Bogdanovich,S (2596) Lvov 2017}) 10... Bxf1 $11 11. Rxf1 (11. Kxf1 {feels hotter.} Nc6 12. Qd3 Rc8 13. dxc5 Bxc5 14. Nbd2) 11... Nd7 12. Kg2 (12. Qb3 {is more complex.} Qc7 13. Be3 Ne7 14. Nbd2) 12... Ne7 13. Rf2 (13. Na3 {is more appropriate.}) 13... cxd4 (13... g6 $11) 14. cxd4 $14 g6 15. hxg6 fxg6 16. Nc3 h5 17. g5 Nf5 {[%emt 0:07:30] Against Nh4} 18. Qd3 Nb8 19. Na4 Qa6 20. Qd1 Nc6 21. a3 Rh7 22. Kh3 ({White should try} 22. Rb1) 22... b5 23. Nc3 Rb8 24. Ne2 Qb6 25. b3 Rc7 26. Bb2 Nce7 27. Qd3 Rbc8 28. Nc3 a6 29. a4 Nc6 $1 {[%emt 0:02:32] Strongly threatening ...Nb4.} 30. axb5 Nb4 (30... Ncxd4 $2 31. Rxa6 Rxc3 32. Qxc3 (32. Rxb6 $2 {too greedy.} Rxd3 33. Bxd4 Nxd4 $19) 32... Rxc3 33. Rxb6 $18) 31. Qd2 axb5 32. Rff1 {[%emt 0:00:21] [#]} ({Better is} 32. Rc1) 32... Nc6 (32... Nc2 $142 $1 33. Rac1 (33. Qxc2 $2 Bb4 $19) 33... b4) 33. Qd3 Kf7 (33... Ncxd4 {[#]} 34. Nxd5 $1 exd5 35. Nxd4 $16) 34. Rfc1 (34. Qxb5 $2 Qxb5 35. Nxb5 Rb7 36. Nd6+ Bxd6 37. exd6 Rxb3) ({But not} 34. Nxb5 $2 Nb4 35. Nd6+ Bxd6 $19) 34... Rb8 35. Ne2 Rbc8 36. Nc3 $1 Rb8 37. Ne2 Rbc8 38. Nc3 {Weighted Error Value: White=0.14 (very precise) /Black=0.18 (very precise)} 1/2-1/2

[Event "93rd German Championship 2022"]
[Site "Magdeburg"]
[Date "2022.08.17"]
[Round "5.3"]
[White "Krassowizkij, Jaroslaw"]
[Black "Poetsch, Hagen"]
[Result "1/2-1/2"]
[ECO "E10"]
[WhiteElo "2428"]
[BlackElo "2500"]
[Annotator "TA"]
[PlyCount "80"]
[EventDate "2022.08.14"]
[EventType "swiss"]
[EventCountry "GER"]
[SourceTitle "playchess.com"]
[Source "ChessBase"]
[SourceQuality "1"]
[TimeControl "40/5400+30:1800+30"]

1. d4 Nf6 2. c4 e6 3. Nf3 d5 4. g3 dxc4 5. Qa4+ Nbd7 6. Bg2 a6 7. Qxc4 b5 8. Qc6 Ra7 ({But not} 8... Bb4+ 9. Bd2 Bxd2+ 10. Nbxd2 $14) 9. Be3 {[%emt 0:11:59] E03: Open Catalan: 5 Qa4+ Nbd7 6 Qxc4.} Bb4+ {[%emt 0:05:03] [#]} 10. Bd2 $146 ({Predecessor:} 10. Nbd2 Bb7 11. Qc2 Be4 12. Qb3 c5 13. dxc5 Bxc5 14. Nxe4 Nxe4 15. O-O Qb6 16. Bxc5 Nexc5 {½-½ (45) Mirzoev,A (2476)-Abdurakhmanov,M (2308) Pune 2022}) 10... Bd6 11. O-O O-O 12. Rd1 Bb7 13. Qc1 Qa8 14. Bf4 Rc8 15. a3 Be7 16. b4 {[%emt 0:01:44] Prevents c5.} a5 17. Nc3 c6 18. Qb2 Nd5 19. Nxd5 (19. Bd2 $5 ) 19... cxd5 20. Bd2 Nb6 {[%emt 0:06:58] next ...Nc4 is good for Black.} 21. bxa5 {[%emt 0:12:23] The position is equal.} Nc4 22. Qxb5 Bc6 23. Qb3 Nxa5 24. Bxa5 Rxa5 25. Rdc1 Rxa3 26. Rxa3 Qxa3 27. Qxa3 Bxa3 28. Rc2 f6 29. Bh3 Bd7 {[%emt 0:01:36] A strong pair of Bishops.} 30. Rxc8+ Bxc8 $11 {[%emt 0:00:05][%mdl 4096] Endgame KBB-KBN} 31. Ne1 Kf7 32. f4 Ba6 33. e3 Bb2 34. Kf2 e5 35. fxe5 fxe5 36. dxe5 Bxe5 37. Bf1 Bxf1 38. Kxf1 Ke6 39. Kf2 Kf5 40. Kf3 h5 {[%emt 0:00:29] Weighted Error Value: White=0.04 (flawless) /Black=0.06 (flawless)} 1/2-1/2

[Event "93rd German Championship 2022"]
[Site "Magdeburg"]
[Date "2022.08.17"]
[Round "5.4"]
[White "Vogel, Roven"]
[Black "Carlstedt, Jonathan"]
[Result "1-0"]
[ECO "D40"]
[WhiteElo "2465"]
[BlackElo "2446"]
[Annotator "TA"]
[PlyCount "83"]
[EventDate "2022.08.14"]
[EventType "swiss"]
[EventCountry "GER"]
[SourceTitle "playchess.com"]
[Source "ChessBase"]
[SourceQuality "1"]
[TimeControl "40/5400+30:1800+30"]

1. Nf3 d5 2. d4 Nf6 3. c4 e6 4. Nc3 c5 5. e3 a6 6. cxd5 exd5 7. Ne5 {[%emt 0:00:30] Recently 7.g3 got a lot of attention. D40: Queen's Gambit Declined: Semi-Tarrasch with 5 e3.} Bd6 {[%emt 0:11:07] [#]} 8. g3 $146 ({Predecessor:} 8. Be2 O-O 9. O-O Re8 10. f4 Nc6 11. Bf3 Be6 12. Kh1 cxd4 13. exd4 Qb6 14. f5 Bxf5 15. Nxd5 Nxd5 16. Bxd5 {½-½ (40) Fressinet,L (2700)-Wojtaszek,R (2727) Huaian 2016}) 8... O-O 9. Bg2 $1 {[%emt 0:01:15] The position is equal.} Be6 10. O-O Qc7 11. Nf3 (11. f4 $5 ) 11... Nc6 12. dxc5 Bxc5 13. b3 Rad8 14. Ne2 {[%emt 0:00:38] Against d4} Bg4 15. Bb2 {[%emt 0:03:33] Prevents d4.} Ne4 16. Nf4 Ba7 (16... Ng5 $11) 17. h3 (17. Nxd5 $2 Qa5 18. Qd3 Qxd5 $19) 17... Be6 18. Nd4 Nxd4 19. Bxd4 Nc3 20. Qd3 Bxd4 21. exd4 {[%emt 0:01:16] And now Rfc1 would win.} Nb5 22. Rfe1 Qb6 23. Rad1 Rd6 24. Re5 Rfd8 25. Qe3 {[%emt 0:02:12][%cal Of4d5] aiming for Nxd5! White is more active.} Nc7 26. Re1 h6 27. Bf1 Qa5 28. Bd3 (28. Nxe6 Rxe6 29. Re2 Qb6 $11) 28... Re8 29. Nh5 (29. Rc1 $14) 29... f6 $1 $11 30. b4 $2 (30. Nxf6+ $1 $11 {and White is okay.} gxf6 31. Qxh6 fxe5 32. Qg6+ Kf8 33. Qf6+ Kg8 34. Rxe5) 30... Qb6 $19 (30... Qxa2 31. Bb1 Qa4 32. Qd3 $11) (30... Qxb4 31. Rb1 Qa5 32. Nxg7 $1 (32. Rxb7 $2 fxe5 33. Qxe5 Rd7 $19) 32... fxe5 33. dxe5 $14 (33. Nxe8 Nxe8 34. Bg6 Rb6 $11)) 31. Nxf6+ (31. Nxg7 Kxg7 32. Rh5) 31... gxf6 32. Bh7+ Kf7 $2 (32... Kxh7 $19 {and Black stays clearly on top.} 33. Rh5 Kg8 34. Qxh6 Kf7 35. Qh7+ Kf8) 33. Qxh6 $2 fxe5 34. dxe5 Bf5 $2 35. Qf4 $17 {[%emt 0:00:01] [#]} Kg7 36. Bxf5 $11 {[%emt 0:00:23] Dancing on a razor blade.} Rh6 {[%emt 0:00:19] Threatens to win with ...Ne6.} 37. Qg5+ ({Avoid the trap} 37. Bd7 $2 Ne6 38. Qd2 Re7 39. Bxe6 Qxe6 $19) 37... Rg6 38. Bxg6 Qxg6 39. Qd2 Rd8 40. e6 {[%emt 0:00:26] Strongly threatening Qc3+.} Kg8 (40... Nxe6 $2 {[#]} 41. Rxe6 $1 Qxe6 42. Qg5+ Kh7 43. Qxd8 $18) (40... Qf6 $11 {remains equal.}) 41. Qf4 {[%emt 0:03:30][%mdl 1024] White has strong compensation.} Ne8 {[%emt 0:04:44][%mdl 8192] [#]} (41... Nxe6 $14 42. Rxe6 Qxe6) 42. Qf8+ $3 {[%emt 0:00:16][%mdl 576] Decoy. What a bad dream for Black.  Weighted Error Value: White=0.38/Black=0.55} 1-0